 Dungeon Crawl Stone Soup version 0.30.1-11-g7821555f0a (webtiles) character file.

Game seed: 5750105191941313618

81 Psyclone the Conjurer (level 4, -8/24 HPs)
             Began as a Deep Elf Conjurer on Nov 9, 2023.
             Mangled by Crazy Yiuf
             ... wielding a +3 quarterstaff of chaos
              (11 damage)
             ... on level 2 of the Dungeon.
             The game lasted 00:02:10 (1521 turns).

Psyclone the Conjurer (Deep Elf Conjurer)           Turns: 1521, Time: 00:02:11

Health: -8/24      AC:  2    Str:  4    XL:     4   Next: 20%
Magic:  7/12       EV: 12    Int: 25    God:
Gold:   68         SH:  0    Dex: 13    Spells: 8/11 levels left

rFire   . . .        d - +0 dagger (venom)
rCold   . . .        (no shield)
rNeg    + . .        a - +0 robe
rPois   .            (no helmet)
rElec   .            (no cloak)
rCorr   .            (no gloves)
SInv    .            (no boots)
Will    .....        (no amulet)
Stlth   ++           k - ring of positive energy
HPRegen 0.24/turn    (no ring)
MPRegen 0.13/turn

%: no passive effects
@: no status effects
A: no striking features
a: no special abilities


You were on level 2 of the Dungeon.
You visited 1 branch of the dungeon, and saw 2 of its levels.

You collected 68 gold pieces.

Inventory:

Hand Weapons
 d - a +0 dagger of venom (weapon)
Armour
 a - a +0 robe (worn)
Jewellery
 k - a ring of positive energy (left hand)
Scrolls
 c - a scroll of butterflies {unknown}
 f - a scroll of amnesia {unknown}
 g - 4 scrolls of identify {unknown}
 h - 2 scrolls of teleportation {unknown}
 i - a scroll of blinking {unknown}
Potions
 b - a potion of magic
 e - 2 potions of curing {unknown}
 j - a potion of haste {unknown}
 l - a potion of berserk rage {unknown}
 m - a potion of might {unknown}


   Skills:
 - Level 2.4 Dodging
 - Level 2.4 Stealth
 + Level 4.2 Spellcasting
 * Level 5.7 Conjurations


You had 8 spell levels left.
You knew the following spells:

 Your Spells              Type           Power      Damage    Failure   Level
a - Magic Dart            Conj           100%       1d8       1%          1
b - Searing Ray           Conj           68%        2d6       1%          2

Your spell library contained the following spells:

 Spells                   Type           Power      Damage    Failure   Level
 Dazzling Flash           Conj/Hex       38%        N/A       9%          3
 Tukima's Dance           Hex            5%         N/A       26%         3
 Fulminant Prism          Conj/Hex       9%         3d7       26%         4
 Iskenderun's Mystic Bla  Conj/Tloc      19%        2d6       26%         4
 Passage of Golubria      Tloc           5%         N/A       65%         4
 Yara's Violent Unravell  Hex/Tmut       2%         3d3       94%         5


Dungeon Overview and Level Annotations

Branches:
Dungeon (2/15) Zot: 10479

Altars:

Annotations:
D:2 Crazy Yiuf


Message History

Confirm with . or Enter, or press ? or * to list all spells.
You can't see any susceptible monsters within range! (Use Z to cast anyway.)
You see here a quokka corpse.
You open the door.
Found a stone staircase leading down.
MP restored: 12
There is an open door here.
You now have 68 gold pieces (gained 13).
You open the door.
Found a runed translucent door.
Crazy Yiuf shouts!
Crazy Yiuf cries, "Shower hand Orb Guardian!"
You open the door.
Casting: Magic Dart (safe; 1% risk of failure)
Confirm with . or Enter, or press ? or * to list all spells.
Aiming: Searing Ray (safe; 1% risk of failure)
Press: ? - help, Shift-Dir - straight line, f - Crazy Yiuf
Aim: Crazy Yiuf, wielding a +3 quarterstaff of chaos and wearing a +1 cloak (83% to hit)
The searing ray hits Crazy Yiuf!
Crazy Yiuf is moderately wounded. (Press . to maintain the ray.) Crazy Yiuf hits you with a +3 quarterstaff of chaos!
Ouch! That really hurt!
Crazy Yiuf draws strength from your wounds!
You take 13 damage, and have 11/24 hp.
MASSIVE DAMAGE!!
You now have 10/12 mp.
The searing ray hits Crazy Yiuf.
Crazy Yiuf is heavily wounded.
Crazy Yiuf misses you.
You now have 9/12 mp.
The searing ray hits Crazy Yiuf.
Crazy Yiuf is severely wounded.
Crazy Yiuf yells, "Snurf aubergine mobile!"
Crazy Yiuf hits you with a +3 quarterstaff of chaos!
* * * LOW HITPOINT WARNING * * *
You take 8 damage, and have 3/24 hp.
MASSIVE DAMAGE!!
You now have 8/12 mp.
The searing ray hits Crazy Yiuf.
Crazy Yiuf is almost dead.
You finish channelling your searing ray.
Crazy Yiuf hits you with a +3 quarterstaff of chaos!
You die...

#### #'.#
♣♣♣♣♣###.# ###
♣♣♣.♣...##.#
#...#♣..♣.......#
#...g@♣♣♣♣......#
#)..#♣♣
♣♣..#.+##### ###
♣♣##......#
#.>....# #......#
#####......#
..##.......#
#.####'##### #.#
#.....#


You could see Crazy Yiuf.

Vanquished Creatures
  Jessica (D:2)
  A worm (D:2)
  4 ball pythons
  6 bats
  4 endoplasms
  2 giant cockroaches
  4 goblins
  2 hobgoblins (D:2)
  3 jackals (D:2)
  8 kobolds
  4 quokkas
  3 frilled lizards
  4 rats
46 creatures vanquished.

Notes
Turn   | Place    | Note
-------+----------+-------------------------------------------
     0 | D:1      | Psyclone the Deep Elf Conjurer began the quest for the Orb.
     0 | D:1      | Reached XP level 1. HP: 10/10 MP: 6/6
   168 | D:1      | Reached XP level 2. HP: 15/15 MP: 6/8
   577 | D:1      | Reached skill level 5 in Conjurations
   869 | D:1      | Reached XP level 3. HP: 19/19 MP: 8/10
  1350 | D:2      | Noticed Jessica
  1361 | D:2      | Learned a level 2 spell: Searing Ray
  1363 | D:2      | Killed Jessica
  1364 | D:2      | Reached XP level 4. HP: 24/24 MP: 8/12
  1513 | D:2      | Found a runed translucent door.
  1514 | D:2      | Noticed Crazy Yiuf
  1521 | D:2      | Mangled by Crazy Yiuf

Illustrated notes

Levels and vault maps discovered:
D:1:      nicolae_arrival_memento_mori, layout_loops_cross, minmay_pentomino_z2
D:2:      layout_basic, minmay_indecisive_spiral, uniq_jessica,
          uniq_crazy_yiuf_cottage

Skill      XL: |  1  2  3 |
---------------+----------+-----
Conjurations   | 5 |  5.7
Spellcasting   | 4 |  4.2
Dodging        | |  2.4
Stealth        | |  2.4

Action                     |  1- 3 |  4- 6 || total
---------------------------+-------+-------++-------
   Cast: Magic Dart        |    64 |     9 ||    73
         Searing Ray       |     1 |     1 ||     2
  Dodge: Dodged            |     1 |     1 ||     2
